 Dungeon Crawl Stone Soup version 0.30-a0-331-g8ab09dc110 (webtiles) character file.

Game seed: 16887418405925708349

1321 sleeves the Carver (level 8, -7/46 (52) HPs)
             Began as an Octopode Fighter on Oct 30, 2022.
             Mangled by Duvessa
             ... wielding a +2 rapier of draining
              (11 damage)
             ... on level 6 of the Dungeon.
             The game lasted 00:06:05 (4720 turns).

sleeves the Carver (Octopode Fighter)               Turns: 4720, Time: 00:06:06

HP:   -7/46 (52)    AC:  1    Str: 16    XL:     8   Next: 59%
MP:   8/8           EV: 17    Int: 10    God:
Gold: 310           SH:  4    Dex: 13    Spells: 7/7 levels left

rFire   . . .      SeeInvis +    z - +4 short sword
rCold   . . .      Faith    .    b - +0 buckler
rNeg    . . .      Spirit   .    (helmet restricted)
rPois   .          Reflect  .    (no amulet)
rElec   .          Harm     .    s - ring of see invisible
rCorr   .          Rampage  .    v - +4 ring of evasion
Will    .....                    (no ring)
Stlth   ++........               (no ring)
HPRegen 0.27/turn                (no ring)
MPRegen 0.11/turn                (no ring)
                                 (no ring)
                                 (no ring)

@: heavily drained
A: almost no armour, amphibious, 8 rings, camouflage 1, gelatinous body 1,
(nimble swimmer 1), tentacles
a: no special abilities


You were on level 6 of the Dungeon.
You visited 1 branch of the dungeon, and saw 6 of its levels.

You collected 310 gold pieces.

Inventory:

Hand Weapons
 a - a +0 long sword
 z - a +4 short sword (weapon)
   (You took it off Blork the orc on level 5 of the Dungeon)
Missiles
 y - a throwing net (quivered)
Armour
 b - a +0 buckler (worn)
Jewellery
 r - a ring of fire
   (You found it on level 3 of the Dungeon)
 s - a ring of see invisible (left tentacle)
   (You found it on level 4 of the Dungeon)
 v - a +4 ring of evasion (right tentacle)
   (You found it on level 4 of the Dungeon)
Wands
 m - a wand of digging (2)
   (You found it on level 3 of the Dungeon)
Scrolls
 d - 3 scrolls of butterflies {unknown}
 e - 2 scrolls of teleportation {unknown}
 g - 2 scrolls of immolation {unknown}
 n - a scroll of noise {unknown}
 o - a scroll of amnesia {unknown}
 t - a scroll of acquirement {unknown}
 u - 2 scrolls of identify {unknown}
 w - a scroll of enchant armour {unknown}
 A - a scroll of vulnerability {unknown}
Potions
 c - a potion of might
 f - 2 potions of curing {unknown}
 h - 2 potions of mutation {unknown}
 i - a potion of flight {unknown}
 j - 3 potions of lignification {unknown}
 k - 3 potions of invisibility {unknown}
 l - 3 potions of magic {unknown}
 p - a potion of ambrosia {unknown}
 q - 3 potions of brilliance {unknown}
 x - a potion of degeneration {unknown}


   Skills:
 - Level 3.0 Fighting
 + Level 10.4 Long Blades
 - Level 3.0 Dodging
 - Level 3.0 Shields


You had 7 spell levels left.
You didn't know any spells.
Your spell library contained the following spells:

 Spells                   Type           Power      Damage    Failure   Level
 Kiss of Death            Conj/Necr      0%         2d5       45%         1
 Confusing Touch          Hex            0%         N/A       83%         3
 Dispel Undead            Necr           0%         3d6       99%         4


Dungeon Overview and Level Annotations

Branches:
Dungeon (6/15)
 Temple: D:4-7

Altars:
Ashenzari
Makhleb
Wu Jian

Annotations:
D:2 Sigmund
D:6 Dowan, Duvessa


Innate Abilities, Weirdness & Mutations

You cannot wear most types of armour.
You are amphibious.
You can wear up to eight rings at the same time.
Your skin changes colour to match your surroundings (Stealth+).
Your rubbery body absorbs attacks. (AC +1, EV +1)
((You are camouflaged when in or above water. (Stealth+)))
You have tentacles for arms and can constrict up to eight enemies at once.


Message History

An orc is nearby!
You closely miss the orc. You grab the orc. You squeeze the orc!
You kill the orc!
No target in view!
No target in view!
No target in view!
A hobgoblin comes into view.
A hobgoblin is nearby!
A hobgoblin is nearby!
A hobgoblin is nearby!
The hobgoblin shouts!
The hobgoblin closely misses you.
You hit the hobgoblin but do no damage. You grab the hobgoblin.
You constrict the hobgoblin. The hobgoblin barely misses you.
You barely miss the hobgoblin.
The hobgoblin is moderately wounded.
You constrict the hobgoblin. You block the hobgoblin's attack.
You hit the hobgoblin.
You kill the hobgoblin!
Your Long Blades skill increases to level 6!
No target in view!
No target in view!
No target in view!
No target in view!
No target in view!
An orc comes into view. It is wielding a +0 dagger.
An orc is nearby!
An orc is nearby!
An orc is nearby!
You slash the orc!
You kill the orc!
No target in view!
Things that are here:
a +0 dagger; an orc corpse You see here 5 stones.
You open the door.
You see here a +0 pair of gloves.
Key pressed, stopping explore.
A bat comes into view.
A bat is nearby!
A bat is nearby!
The bat barely misses you. The bat hits you. You block the bat's attack.
The bat barely misses you.
You closely miss the bat. Your grab misses the bat.
The bat completely misses you. The bat closely misses you.
You miss the bat. Your grab misses the bat. The bat misses you. x2
The bat closely misses you.
You miss the bat. Your grab misses the bat. Your squeeze misses the bat.
The bat hits you but does no damage. You block the bat's attack.
A bat is nearby!
A bat is nearby!
A bat is nearby!
You hit the bat.
You kill the bat!
No target in view!
No target in view!
No target in view!
No target in view!
No target in view!
You see here a bat corpse.
Done exploring.
Done exploring.
Done exploring.
Done exploring.
No target in view!
(D) Dungeon
Where to? (Enter - D:3, ? - help)
There is a stone staircase leading down here.
You climb downwards.
Found four items.
There is a stone staircase leading up here.
An ufetubus is nearby!
An ufetubus is nearby!
An ufetubus is nearby!
The ufetubus shouts!
You hear a bark!
You hit the ufetubus. Your grab misses the ufetubus.
Your squeeze misses the ufetubus.
The ufetubus is severely wounded.
The ufetubus hits you. The ufetubus barely misses you.
The ufetubus closely misses you. The ufetubus barely misses you.
You hit the ufetubus. You grab the ufetubus.
The ufetubus is almost dead.
You constrict the ufetubus.
You kill the ufetubus!
An iguana comes into view.
You have reached level 6!
A goblin and a hound come into view.
The goblin is wielding a +2 dagger of freezing.
You see here 17 gold pieces.
There is a stone staircase leading up here.
You block the hound's attack.
The iguana hisses angrily.
The hound barely misses you.
You climb upwards.
There is a stone staircase leading down here.
You closely miss the hound. Your grab misses the hound. You squeeze the hound!
The hound is severely wounded.
The hound bites you. The hound closely misses you.
You slash the hound!
You kill the hound!
No target in view!
No target in view!
No target in view!
No target in view!
No target in view!
No target in view!
No target in view!
Unknown command.
HP restored.
There is a stone staircase leading down here.
You climb downwards.
Found a tourmaline ring.
There is a stone staircase leading up here.
The helpless ball python fails to defend itself.
You hit the ball python. Your grab misses the ball python.
The ball python is moderately wounded.
The ball python bites you. The ball python closely misses you.
The ball python bites you. The ball python closely misses you.
You barely miss the ball python. Your grab misses the ball python.
The ball python is moderately wounded.
The ball python barely misses you. You block the ball python's attack.
A ball python is nearby!
You closely miss the ball python. Your grab misses the ball python.
The ball python is moderately wounded.
You block the ball python's attack. x2
You barely miss the ball python. You grab the ball python.
The ball python is moderately wounded.
You constrict the ball python.
You kill the ball python!
HP restored.
You see here a ball python corpse.
A jelly comes into view.
A goblin comes into view. It is wielding a +0 club.
A jelly is nearby!
The helpless jelly fails to defend itself.
You slash the jelly!
Your tentacles burn!
The jelly is heavily wounded.
The jelly closely misses you.
You slash the jelly!
You kill the jelly!
No target in view!
s - a ring of see invisible
s - a ring of see invisible (left tentacle)
Okay, then.
A goblin is nearby!
A goblin is nearby!
A goblin is nearby!
The goblin shouts!
An adder comes into view.
The adder hisses angrily.
You hit the goblin.
You kill the goblin!
Things that are here:
a +0 club; 4 stones; a goblin corpse The adder closely misses you.
You hit the adder. Your grab misses the adder.
The adder is heavily wounded.
You block the adder's attack.
You miss the adder. You grab the adder.
The adder is heavily wounded.
You constrict the adder. The adder bites you.
The adder bites you but does no damage.
You barely miss the adder. You squeeze the adder.
You kill the adder!
No target in view!
You now have 165 gold pieces (gained 15).
t - a scroll labelled WAINIZIEFUS
Found a stone staircase leading up.
u - a scroll labelled ZOZAITT XOURU A dart slug comes into view.
A dart slug is nearby!
A dart slug is nearby!
The dart slug launches a dart at you. The slug dart hits you.
You hit the dart slug. You grab the dart slug.
The dart slug is severely wounded.
You constrict the dart slug. The dart slug launches a dart at you.
The slug dart hits you.
You hit the dart slug.
You kill the dart slug!
No target in view!
No target in view!
No target in view!
You see here a dart slug corpse.
A hound comes into view.
Found a burning altar of Makhleb.
The hound barks!
The hound moves out of view.
A hound is nearby!
You slash the hound! Your grab misses the hound.
The hound is heavily wounded.
You block the hound's attack.
You closely miss the hound. You grab the hound.
The hound is heavily wounded.
You constrict the hound. The hound misses you. The hound bites you.
You hit the hound.
The hound is severely wounded.
You constrict the hound. The hound bites you.
You hit the hound.
You kill the hound!
No target in view!
No target in view!
No target in view!
There is a burning altar of Makhleb here.
A ball python comes into view.
A ball python is nearby!
A ball python is nearby!
A ball python comes into view.
The ball python hisses angrily. x2
A ball python comes into view.
Found a stone staircase leading down.
A hobgoblin comes into view.
The ball python closely misses you. The ball python misses you.
You closely miss the ball python.
The hobgoblin shouts!
Your grab misses the ball python.
The ball python bites you but does no damage.
You block the ball python's attack. The ball python bites you.
The ball python barely misses you.
You hit the ball python.
You kill the ball python!
The ball python closely misses you. x2; The ball python misses you.
The ball python grabs you. The ball python constricts you.
You slash the ball python!
You kill the ball python!
The hobgoblin hits you.
You see here a ball python corpse.
You closely miss the hobgoblin. Your grab misses the hobgoblin.
The hobgoblin hits you. x2
You barely miss the hobgoblin. You grab the hobgoblin.
You constrict the hobgoblin.
The hobgoblin hits you but does no damage.
The ball python bites you. The ball python grabs you.
The ball python constricts you.
You hit the ball python.
You kill the ball python!
You constrict the hobgoblin. The hobgoblin closely misses you.
You slash the hobgoblin!
You kill the hobgoblin!
No target in view!
No target in view!
No target in view!
No target in view!
No target in view!
No target in view!
No target in view!
No target in view!
No target in view!
No target in view!
No target in view!
No target in view!
No target in view!
No target in view!
No target in view!
No target in view!
No target in view!
No target in view!
You see here a hobgoblin corpse.
As you open the door, it creaks loudly!
Found a mace.
You see here a +0 mace.
A hound comes into view.
The hound barks!
A hound is nearby!
The hound barely misses you.
You hit the hound. Your grab misses the hound.
The hound is moderately wounded.
The hound bites you but does no damage.
You slash the hound! You grab the hound.
The hound is severely wounded.
You constrict the hound. The hound bites you. The hound misses you.
You hit the hound.
The hound is almost dead.
You constrict the hound. The hound misses you.
You hit the hound.
You kill the hound!
No target in view!
No target in view!
No target in view!
No target in view!
A dart slug comes into view.
There are monsters nearby!
There are monsters nearby!
There are monsters nearby!
Found a ring mail.
The dart slug launches a dart at you. The slug dart hits you.
You hit the dart slug. You grab the dart slug. You squeeze the dart slug.
You kill the dart slug!
A goblin is nearby!
The goblin barely misses you.
You slash the goblin!
You kill the goblin!
No target in view!
Search for what [? for help]? blade You see here a +2 dagger of freezing.
Unknown command.
Press: ? - help, v - describe, . - travel, g - get item Item here: a +2 dagger of freezing.
The floor.
Unknown command.
Unknown command.
Found a stone staircase leading down.
There is a stone staircase leading down here.
A hound comes into view.
A hound is nearby!
The hound barks!
The hound closely misses you. The hound bites you.
You slash the hound! Your grab misses the hound.
The hound is moderately wounded.
The hound stops to sniff the ground.
The hound bites you. x2
You closely miss the hound. You grab the hound.
Your tentacle-slap misses the hound.
The hound is moderately wounded.
You constrict the hound. The hound bites you.
You hit the hound.
The hound is almost dead.
You constrict the hound.
You kill the hound!
Your Long Blades skill increases to level 7!
No target in view!
No target in view!
You see here a hound corpse.
You see here a hound corpse.
An iguana is nearby!
An iguana is nearby!
An iguana is nearby!
No target in view!
No target in view!
No target in view!
An iguana is nearby!
The iguana hisses angrily.
You hit the iguana. Your grab misses the iguana.
Your squeeze misses the iguana.
The iguana is moderately wounded.
The iguana bites you!
You barely miss the iguana. Your grab misses the iguana.
The iguana is moderately wounded.
The iguana bites you!
* * * LOW HITPOINT WARNING * * *
You are too injured to fight recklessly!
You are too injured to fight recklessly!
You hit the iguana but do no damage. Your grab misses the iguana.
The iguana is moderately wounded.
The iguana closely misses you.
You barely miss the iguana. You grab the iguana.
The iguana is moderately wounded.
You constrict the iguana. The iguana bites you!
* * * LOW HITPOINT WARNING * * *
You hit the iguana.
The iguana is moderately wounded.
You constrict the iguana. You block the iguana's attack.
You slash the iguana!
You kill the iguana!
There is a stone staircase leading up here.
An adder comes into view.
Found a large glass ring.
An adder is nearby!
An adder is nearby!
You see here a +4 ring of evasion.
The helpless adder fails to defend itself.
You hit the adder. You grab the adder.
You squeeze the adder, but do no damage.
The adder is heavily wounded.
You constrict the adder. The adder barely misses you.
You hit the adder.
You kill the adder!
You have reached level 7!
v - a +4 ring of evasion
v - a +4 ring of evasion (right tentacle)
You see here an adder corpse.
You now have 182 gold pieces (gained 17).
There is a stone staircase leading up here.
w - a scroll labelled PAGUH QIRARGH
k - 3 lumpy golden potions (gained 1)
You now have 193 gold pieces (gained 11).
You now have 205 gold pieces (gained 12).
Found a stone staircase leading down.
A worm comes into view.
A worm is nearby!
You slash the worm! You grab the worm.
The worm is heavily wounded.
You constrict the worm. You slash the worm!
You kill the worm!
No target in view!
No target in view!
No target in view!
No target in view!
No target in view!
No target in view!
No target in view!
j - 2 pink potions (gained 1)
q - 2 inky potions (gained 1)
x - a sapphire potion An adder comes into view.
An adder is nearby!
An adder is nearby!
The helpless adder fails to defend itself.
You hit the adder. You grab the adder.
The adder is lightly wounded.
You constrict the adder. The adder bites you. The adder barely misses you.
You slash the adder!
You kill the adder!
No target in view!
No target in view!
No target in view!
No target in view!
Found 8 stones.
You open the door.
There is an open door here.
Done exploring.
Done exploring.
No target in view!
No target in view!
No target in view!
No target in view!
(D) Dungeon
Where to? (Enter - D:4 @ (x,y), ? - help)
There is a stone staircase leading down here.
You climb downwards.
Found an inky potion.
Found an escape hatch in the ceiling.
There is a stone staircase leading up here.
A black bear comes into view.
A black bear is nearby!
Found a pink potion.
You see here an inky potion.
The helpless black bear fails to defend itself.
You slash the black bear! You grab the black bear.
The black bear is moderately wounded.
You constrict the black bear, but do no damage.
The black bear completely misses you. You block the black bear's attack.
The black bear misses you.
You hit the black bear but do no damage.
You squeeze the black bear, but do no damage.
The black bear is moderately wounded.
You constrict the black bear.
The black bear completely misses you. x2
The black bear closely misses you.
You hit the black bear. You tentacle-slap the black bear.
The black bear is heavily wounded.
You constrict the black bear. The black bear completely misses you.
You block the black bear's attack. The black bear claws you.
You slash the black bear!
You kill the black bear!
No target in view!
No target in view!
No target in view!
No target in view!
No target in view!
No target in view!
No target in view!
HP restored.
q - 3 inky potions (gained 1)
Found a stone staircase leading down.
j - 3 pink potions (gained 1)
Found a stone staircase leading down.
There is a stone staircase leading up here.
Edmund the Younger comes into view.
He is wielding a +1 flail of draining.
Found a stone staircase leading down.
Okay, then.
Okay, then.
An adder comes into view.
The adder moves out of view.
There is a stone staircase leading up here.
An adder is nearby!
An adder is nearby!
An adder is nearby!
There is a stone staircase leading up here.
You climb upwards.
There is a stone staircase leading down here.
There is a stone staircase leading down here.
You climb downwards.
Level annotation: Edmund
Found 38 gold pieces.
There is a stone staircase leading up here.
You now have 225 gold pieces (gained 20).
An iguana comes into view.
An iguana is nearby!
An iguana is nearby!
Found a rapier.
Found a throwing net.
Found 14 gold pieces.
Found a scroll labelled ZOZAITT XOURU.
The helpless iguana fails to defend itself.
You hit the iguana. You grab the iguana.
The iguana is lightly wounded.
You constrict the iguana. The iguana closely misses you.
You hit the iguana.
The iguana is severely wounded.
You constrict the iguana. The iguana misses you.
You barely miss the iguana.
The iguana is severely wounded.
You constrict the iguana. The iguana barely misses you.
You slash the iguana!
You kill the iguana!
y - a throwing net
u - 2 scrolls labelled ZOZAITT XOURU (gained 1)
You now have 239 gold pieces (gained 14).
You now have 257 gold pieces (gained 18).
You now have 267 gold pieces (gained 10).
Found an escape hatch in the floor.
Blork the orc comes into view.
He is wielding a +4 short sword.
Blork the orc is nearby!
Found a scroll labelled JAGOMO FAFA.
An ogre comes into view. It is wielding a +0 giant club.
Blork the orc gestures at you while chanting.
The puff of flame hits you!
Blork the orc points at you and mumbles some strange words.
The puff of flame hits you!
There is a stone staircase leading up here.
You climb upwards.
There is a stone staircase leading down here.
You start resting.
HP restored.
You climb downwards.
Level annotation: Blork the orc, Edmund
There is a stone staircase leading up here.
Blork the orc hits you with a +4 short sword.
You hit Blork the orc. Your grab misses Blork the orc.
You squeeze Blork the orc.
Blork the orc is moderately wounded.
Blork the orc hits you with a +4 short sword!
You hit Blork the orc. Your grab misses Blork the orc.
Blork the orc is moderately wounded.
Blork the orc closely misses you.
You barely miss Blork the orc. Your grab misses Blork the orc.
Blork the orc is moderately wounded.
Blork the orc looks satisfied for a moment.
You hit Blork the orc. Your grab misses Blork the orc.
You squeeze Blork the orc.
Blork the orc is heavily wounded.
Blork the orc hits you with a +4 short sword!
You are too injured to fight recklessly!
You are too injured to fight recklessly!
You are too injured to fight recklessly!
You completely miss Blork the orc. Your grab misses Blork the orc.
Blork the orc is heavily wounded.
You block Blork the orc's attack.
You slash Blork the orc! Your grab misses Blork the orc.
You squeeze Blork the orc.
You kill Blork the orc!
Your Long Blades skill increases to level 8!
Things that are here:
a +4 short sword; a +2 robe
z - a +4 short sword
z - a +4 short sword (weapon)
Unknown command.
Unknown command.
Unknown command.
There is a stone staircase leading up here.
You start resting.
An orc comes into view.
It is wielding a +0 short sword of holy wrath.
You climb upwards.
There is a stone staircase leading down here.
You climb downwards.
Level annotation: Edmund
There is a stone staircase leading up here.
HP restored.
Found a stone staircase leading up.
There is a stone staircase leading up here.
An orc comes into view. It is wielding a +0 club.
Found a scroll labelled GUTUYQ NIVEVINA.
An orc comes into view. It is wielding a +0 whip.
The helpless orc fails to defend itself.
You impale the orc!!
You kill the orc!
No target in view!
No target in view!
No target in view!
An orc is nearby!
The orc barely misses you.
You hit the orc. You grab the orc. You squeeze the orc.
You kill the orc!
No target in view!
You now have 279 gold pieces (gained 12).
An orc warrior comes into view. It is wielding a +0 dire flail.
Found a robe.
An orc warrior is nearby!
An orc warrior is nearby!
Things that are here:
a +0 whip; a +0 club The helpless orc warrior fails to defend itself.
You hit the orc warrior. Your grab misses the orc warrior.
The orc warrior is lightly wounded.
You puncture the orc warrior! You grab the orc warrior.
The orc warrior is heavily wounded.
You constrict the orc warrior. You block the orc warrior's attack.
You hit the orc warrior but do no damage.
The orc warrior is heavily wounded.
You constrict the orc warrior, but do no damage.
The orc warrior barely misses you.
You hit the orc warrior.
The orc warrior is severely wounded.
You constrict the orc warrior, but do no damage.
The orc warrior closely misses you.
You hit the orc warrior.
You squeeze the orc warrior, but do no damage.
The orc warrior is severely wounded.
You constrict the orc warrior, but do no damage.
The orc warrior barely misses you.
You hit the orc warrior.
The orc warrior is almost dead.
You constrict the orc warrior.
You kill the orc warrior!
No target in view!
A - a scroll labelled GUTUYQ NIVEVINA Grinder comes into view.
Grinder shouts!
You hear an angry hiss.
An adder comes into view.
There are monsters nearby!
There are monsters nearby!
You hit Grinder. You grab Grinder.
Grinder is lightly wounded.
You constrict Grinder. Grinder hits you!
You writhe in agony.
You hit Grinder.
Grinder is moderately wounded.
You constrict Grinder, but do no damage.
Grinder gestures at you.
You suddenly lose the ability to move!
You lose your grip on Grinder.
Grinder hits you.
You writhe in agony.
The adder hisses angrily.
Grinder blinks!
You can move again.
Unknown command.
Unknown command.
Unknown command.
Unknown command.
Unknown command.
Unknown command.
Unknown command.
Unknown command.
Unknown command.
Unknown command.
You puncture Grinder! You grab Grinder.
Grinder is heavily wounded.
You constrict Grinder. You block the adder's attack. Grinder hits you.
* * * LOW HITPOINT WARNING * * *
You hit Grinder.
Grinder is severely wounded.
You constrict Grinder. The adder misses you. Grinder gestures at you.
You shrug off the repeated paralysis!
You barely miss Grinder. You squeeze Grinder!
Grinder is almost dead.
You constrict Grinder. The adder closely misses you.
Grinder closely misses you. You block the adder's attack.
You hit Grinder.
Grinder is almost dead.
You constrict Grinder. The adder misses you.
You hit Grinder.
You kill Grinder!
The adder closely misses you.
Your Long Blades skill increases to level 9!
You have reached level 8!
You miss the adder. You grab the adder. You constrict the adder.
The adder closely misses you.
You puncture the adder! You squeeze the adder.
You kill the adder!
l - 3 metallic brown potions (gained 1)
You start resting.
HP restored.
g - 2 scrolls labelled JAGOMO FAFA (gained 1)
You now have 289 gold pieces (gained 10).
An ogre comes into view. It is wielding a +0 giant club.
An ogre is nearby!
An ogre is nearby!
The orc shouts!
You hear a shout!
An ogre comes into view. It is wielding a +0 giant spiked club.
You see here a +0 rapier.
Press: ? - help, v - describe, . - travel
Here: an orc, wielding a +0 short sword of holy wrath The floor.
Unknown command.
Unknown command.
The ogre shouts!
There is a stone staircase leading up here.
Okay, then.
Unknown command.
You climb upwards.
There is a stone staircase leading down here.
There is a stone staircase leading down here.
You climb downwards.
Level annotation: Edmund
There is a stone staircase leading up here.
An ogre is nearby!
An ogre is nearby!
An ogre is nearby!
There is a stone staircase leading up here.
You climb upwards.
There is a stone staircase leading down here.
There is a stone staircase leading down here.
You climb downwards.
Level annotation: Edmund The ogre closely misses you.
There is a stone staircase leading up here.
You hit the ogre.
The ogre is lightly wounded.
You hit the ogre.
The ogre is moderately wounded.
The ogre barely misses you.
You hit the ogre but do no damage.
The ogre is moderately wounded.
You hit the ogre.
The ogre is moderately wounded.
The ogre closely misses you.
You hit the ogre. You squeeze the ogre!
The ogre is almost dead.
You hit the ogre. Your squeeze misses the ogre.
The ogre is almost dead.
The ogre closely misses you.
You puncture the ogre!
You kill the ogre!
No target in view!
The ogre shouts!
An ogre is nearby!
An ogre is nearby!
You hit the ogre. Your squeeze misses the ogre.
The ogre is lightly wounded.
The ogre closely misses you.
You hit the ogre.
The ogre is moderately wounded.
You hit the ogre.
The ogre is moderately wounded.
You barely miss the ogre. Your squeeze misses the ogre.
The ogre is moderately wounded.
The ogre barely misses you.
You hit the ogre.
The ogre is moderately wounded.
You barely miss the ogre.
The ogre is moderately wounded.
You block the ogre's attack.
You hit the ogre.
The ogre is heavily wounded.
You hit the ogre. You tentacle-slap the ogre.
The ogre is severely wounded.
You block the ogre's attack.
You hit the ogre.
The ogre is almost dead.
The ogre closely misses you.
You barely miss the ogre. Your squeeze misses the ogre.
The ogre is almost dead.
You hit the ogre but do no damage.
The ogre is almost dead.
The ogre hits you with a +0 giant club!!
You are too injured to fight recklessly!
You are too injured to fight recklessly!
You are too injured to fight recklessly!
You are too injured to fight recklessly!
You are too injured to fight recklessly!
You are too injured to fight recklessly!
You puncture the ogre!
You kill the ogre!
HP restored.
Key pressed, stopping explore.
An ufetubus comes into view.
An ufetubus is nearby!
The ufetubus shouts!
The ufetubus closely misses you. The ufetubus barely misses you.
The ufetubus misses you. The ufetubus hits you.
You hit the ufetubus. You grab the ufetubus.
The ufetubus is severely wounded.
You constrict the ufetubus. The ufetubus closely misses you.
You block the ufetubus's attack.
You hit the ufetubus.
You kill the ufetubus!
No target in view!
No target in view!
No target in view!
No target in view!
A dart slug comes into view.
A dart slug is nearby!
A dart slug is nearby!
A dart slug is nearby!
Found a scroll labelled JOAKKU KANK.
The dart slug launches a dart at you. You block the slug dart.
You hit the dart slug. You grab the dart slug.
The dart slug is heavily wounded.
You constrict the dart slug. The dart slug closely misses you.
You hit the dart slug.
The dart slug is almost dead.
You constrict the dart slug.
You kill the dart slug!
No target in view!
No target in view!
No target in view!
No target in view!
No target in view!
There are monsters nearby!
There are monsters nearby!
There are monsters nearby!
The adder hisses angrily.
The ogre shouts!
The adder attacks as you move away! The adder bites you.
You are poisoned.
The adder poisons you!
You feel sick.
You feel sick.
You feel sick.
You feel sick. The adder closely misses you.
You feel sick.
You are no longer poisoned.
The adder attacks as you move away! The adder bites you.
The adder bites you but does no damage. The adder bites you.
You block the adder's attack. The adder attacks as you move away!
The adder completely misses you. The adder barely misses you.
The adder attacks as you move away! The adder barely misses you.
The adder attacks as you move away! The adder misses you.
The adder barely misses you.
You see here a +2 robe.
The adder attacks as you move away! The adder completely misses you.
There is a stone staircase leading up here.
The adder barely misses you. The adder closely misses you.
You climb upwards.
There is a stone staircase leading down here.
You hit the adder. You grab the adder.
The adder is lightly wounded.
You constrict the adder. The adder closely misses you.
You hit the adder. Your squeeze misses the adder.
The adder is almost dead.
You constrict the adder.
You kill the adder!
No target in view!
No target in view!
No target in view!
No target in view!
No target in view!
No target in view!
No target in view!
No target in view!
No target in view!
HP restored.
There is a stone staircase leading down here.
You climb downwards.
Level annotation: Edmund
There is a stone staircase leading up here.
An orc is nearby!
An orc is nearby!
An orc is nearby!
You hit the orc. You grab the orc. Your squeeze misses the orc.
The orc is heavily wounded.
You constrict the orc.
The orc hits you with a +0 short sword of holy wrath.
You hit the orc.
You kill the orc!
No target in view!
HP restored.
You now have 304 gold pieces (gained 15).
You see here a +0 short sword of holy wrath.
e - 2 scrolls labelled JOAKKU KANK (gained 1)
You now have 310 gold pieces (gained 6).
Found a rapier.
An ufetubus comes into view.
The ufetubus shouts!
The ufetubus moves out of view.
An ufetubus is nearby!
An ufetubus is nearby!
An ufetubus is nearby!
Unknown command.
Unknown command.
The ufetubus attacks as you move away! The ufetubus barely misses you.
The ufetubus misses you.
You hit the ufetubus. Your grab misses the ufetubus.
The ufetubus is moderately wounded.
The ufetubus misses you. x2
You hit the ufetubus.
You kill the ufetubus!
No target in view!
An ogre is nearby!
An ogre is nearby!
The ogre shouts!
You hit the ogre but do no damage. You block the ogre's attack.
You closely miss the ogre. You hit the ogre. You squeeze the ogre.
The ogre is moderately wounded.
You block the ogre's attack.
You hit the ogre.
The ogre is heavily wounded.
You hit the ogre.
The ogre is severely wounded.
You block the ogre's attack.
You barely miss the ogre. Your squeeze misses the ogre.
The ogre is severely wounded.
You puncture the ogre! You squeeze the ogre.
You kill the ogre!
Your Long Blades skill increases to level 10!
No target in view!
No target in view!
No target in view!
No target in view!
No target in view!
No target in view!
No target in view!
Edmund is nearby!
Edmund is nearby!
Edmund is nearby!
Edmund is nearby!
Unknown command.
Edmund shouts!
Edmund closely misses you.
You hit Edmund. Your grab misses Edmund.
Edmund is lightly wounded.
You block Edmund's attack.
You hit Edmund. You grab Edmund. You squeeze Edmund.
Edmund is moderately wounded.
You constrict Edmund. You hit Edmund. You squeeze Edmund, but do no damage.
Edmund is moderately wounded.
You constrict Edmund.
Edmund hits you with a +1 flail of draining.
You feel drained.
You hit Edmund. You squeeze Edmund, but do no damage.
Edmund is heavily wounded.
You constrict Edmund. Edmund barely misses you.
You hit Edmund.
Edmund is severely wounded.
You constrict Edmund. You block Edmund's attack.
You hit Edmund. You squeeze Edmund.
Edmund is almost dead.
You constrict Edmund. You hit Edmund.
Edmund is almost dead.
You constrict Edmund.
You kill Edmund!
Your life force feels restored.
No target in view!
No target in view!
No target in view!
No target in view!
No target in view!
No target in view!
No target in view!
Things that are here:
a +1 flail of draining; a +0 leather armour; the human corpse of Edmund
There is a stone staircase leading up here.
Done exploring.
Done exploring.
Done exploring.
Done exploring.
(D) Dungeon
Where to? (Enter - D:4 @ (x,y), ? - help)
There is a stone staircase leading down here.
You climb downwards.
There is a stone staircase leading up here.
There are monsters nearby!
There are monsters nearby!
There are monsters nearby!
There are monsters nearby!
The helpless Dowan fails to defend himself.
You impale Dowan!! You grab Dowan.
You tentacle-slap Dowan, but do no damage.
Dowan is almost dead.
You constrict Dowan, but do no damage.
Duvessa shouts!
You release your grip on Dowan.
Dowan smirks and points a slender finger.
There is a stone staircase leading up here.
You closely miss Duvessa. Your grab misses Duvessa. You squeeze Duvessa!
Duvessa is lightly wounded.
Duvessa misses you. Dowan hits you with a +0 dagger.
You hit Duvessa but do no damage. You grab Duvessa.
Duvessa is lightly wounded.
You constrict Duvessa, but do no damage.
Duvessa hits you with a +2 rapier of draining.
You feel drained. Dowan misses you.
You hit Duvessa.
Duvessa is moderately wounded.
You constrict Duvessa, but do no damage.
You hit Duvessa.
Duvessa is moderately wounded.
You constrict Duvessa.
Duvessa hits you with a +2 rapier of draining!
You feel drained. Dowan hits you but does no damage.
You hit Duvessa. You squeeze Duvessa!
Duvessa is heavily wounded.
You constrict Duvessa.
Duvessa hits you with a +2 rapier of draining!
* * * LOW HITPOINT WARNING * * *
You feel drained.
* * * LOW HITPOINT WARNING * * *
Dowan hits you with a +0 dagger!
* * * LOW HITPOINT WARNING * * *
Okay, then.
You hit Dowan. Your grab misses Dowan.
Dowan is almost dead.
You constrict Duvessa. Duvessa completely misses you.
Dowan hits you but does no damage.
You miss Dowan. You grab Dowan.
Dowan is almost dead.
You constrict Duvessa, but do no damage.
You constrict Dowan, but do no damage. You hit Duvessa but do no damage.
Duvessa is severely wounded.
You constrict Duvessa. You constrict Dowan.
Duvessa hits you with a +2 rapier of draining!
You die...

### # ##.###
#.###....#
#........###
#.e@....#
#.e........
#.......###
###...###
#...# ...##
.... .....


You could see Duvessa and Dowan.

Vanquished Creatures
  Grinder (D:5)
  Edmund (D:5)
  An orc warrior (D:5)
  A black bear (D:5)
  3 ogres (D:5)
  Blork the orc (D:5)
  An orc priest (D:3)
  4 hounds
  A jelly (D:4)
  2 iguanas
  An orc wizard (D:3)
  3 gnolls (D:3)
  12 adders
  3 ufetubi
  2 worms
  6 dart slugs
  11 orcs
  2 endoplasms (D:2)
  2 giant cockroaches (D:1)
  10 goblins
  7 hobgoblins
  A quokka (D:3)
  6 ball pythons
  3 bats
  6 kobolds
  5 rats
96 creatures vanquished.

Notes
Turn   | Place    | Note
-------+----------+-------------------------------------------
     0 | D:1      | sleeves the Octopode Fighter began the quest for the Orb.
     0 | D:1      | Reached XP level 1. HP: 16/16 MP: 1/1
   297 | D:1      | Reached XP level 2. HP: 17/21 MP: 2/2
   462 | D:1      | Reached skill level 3 in Long Blades
   795 | D:2      | Reached XP level 3. HP: 22/26 MP: 3/3
   941 | D:2      | Reached skill level 4 in Long Blades
  1026 | D:2      | Reached XP level 4. HP: 28/31 MP: 4/4
  1147 | D:2      | Noticed Sigmund
  1690 | D:3      | Found an ornate altar of the Wu Jian Council.
  1747 | D:3      | Reached skill level 5 in Long Blades
  1747 | D:3      | Reached XP level 5. HP: 36/36 MP: 5/5
  1920 | D:3      | Found a broken altar of Ashenzari.
  2352 | D:3      | Reached skill level 6 in Long Blades
  2661 | D:4      | Reached XP level 6. HP: 41/42 MP: 6/6
  2813 | D:4      | Found a burning altar of Makhleb.
  3020 | D:4      | Reached skill level 7 in Long Blades
  3073 | D:4      | HP: 16/42 [iguana (13)]
  3075 | D:4      | HP: 4/42 [iguana (13)]
  3230 | D:4      | Reached XP level 7. HP: 46/46 MP: 7/7
  3535 | D:5      | Entered Level 5 of the Dungeon
  3589 | D:5      | Noticed Edmund
  3704 | D:5      | Noticed Blork the orc
  3805 | D:5      | Killed Blork the orc
  3806 | D:5      | Reached skill level 8 in Long Blades
  3927 | D:5      | Noticed Grinder
  3934 | D:5      | Paralysed by Grinder for 3 turns
  3938 | D:5      | HP: 22/46 [Grinder (4)]
  3942 | D:5      | Killed Grinder
  3943 | D:5      | Reached skill level 9 in Long Blades
  3943 | D:5      | Reached XP level 8. HP: 26/52 MP: 8/8
  4598 | D:5      | Reached skill level 10 in Long Blades
  4633 | D:5      | Killed Edmund
  4709 | D:6      | Noticed Duvessa
  4709 | D:6      | Noticed Dowan
  4717 | D:6      | HP: 15/48 [Duvessa/+2 rapier of draining (11)]
  4717 | D:6      | HP: 4/46 [Dowan/+0 dagger (7)]
  4720 | D:6      | Mangled by Duvessa

Illustrated notes

Levels and vault maps discovered:
D:1:      dpeg_chamrin_arrival_tetris, layout_loops_ring
D:2:      layout_basic, uniq_sigmund
D:3:      layout_basic, lemuel_round_altar, amcnicky_altar_gilded,
          nicolae_concentric_dashed_squares_mild, nrook_mini_backslash
D:4:      layout_basic, makhleb_heckhound_becter
D:5:      layout_cave_pools, uniq_blork_the_orc, uniq_edmund, uniq_grinder
D:6:      layout_loops_corners, beargit_hepliaklqana_dungeon_heroes,
          hellmonk_ghost_happy_afterlife, uniq_duvessa

Skill      XL: |  1  2  3  4  5  6  7  8 |
---------------+-------------------------+-----
Long Blades    | 3 4 5 6 7 9 10 | 10.4
Fighting       | |  3.0
Dodging        | |  3.0
Shields        | |  3.0

Action                   |  1- 3 |  4- 6 |  7- 9 || total
-------------------------+-------+-------+-------++-------
Melee: Long sword        |    58 |   114 |    18 ||   190
       Constrict         |    16 |    32 |    17 ||    65
       Tentacles         |     5 |    20 |    17 ||    42
       Punch             |     1 |       |     3 ||     4
       Short sword       |       |       |    69 ||    69
 Stab: Sleeping          |     6 |     6 |     6 ||    18
Armor: Skin              |     3 |     7 |     3 ||    13
Dodge: Dodged            |    29 |    66 |    52 ||   147
Block: Buckler           |    12 |    21 |    16 ||    49

Table legend: (Time is in decaauts)
 A = Elapsed time spent in this place.
 B = Non-inter-level travel time spent in this place.
 C = Inter-level travel time spent in this place.
 D = Time resting spent in this place.
 E = Time spent auto-exploring this place.
 F = Levels seen in this place.
 G = Mean time per level.
                   A        B        C        D        E       F      G
               +--------+--------+--------+--------+--------+-----+--------+
         Total |   4741 |   4451 |    290 |    217 |   3425 |   6 |  790.2 |
       Dungeon |   4741 |   4451 |    290 |    217 |   3425 |   6 |  790.2 |
               +--------+--------+--------+--------+--------+-----+--------+

Top non-repeatable levels by time:
     D:3: 1136 daAuts
     D:4: 1102 daAuts
     D:5: 914 daAuts
     D:1: 796 daAuts
     D:2: 783 daAuts
     D:6: 8 daAuts
